[Event "Elite Hotels Open 2024"]
[Site "Elite Stadshotellet, Kungsgatan 6, Vaxjo, Sweden"]
[Date "2024.02.09"]
[Round "3.12"]
[White "Kristensen, Kaare Hove"]
[Black "Karlsson, Jorgen"]
[Result "1/2-1/2"]
[TimeControl "15 minutes + 5 seconds per move from move one (Round 1 - 4) / 90 minutes + 30 seconds per move from move one (Round 5 - 8)"]
[WhiteTitle "IM"]
[WhiteFideId "1400940"]
[BlackFideId "1711679"]
[WhiteElo "2324"]
[BlackElo "2056"]

1. e4 g6 2. d4 Bg7 3. c4 d6 4. Nc3 e5 5. Be3 Nd7 6. Nf3 Ngf6 7. Be2 O-O 8. O-O Ng4 9. Bg5 f6 10.
Bc1 h5 11. h3 Nh6 12. Be3 Re8 13. Qd2 Nf7 14. Nh4 Nf8 15. f4 f5 16. Nxg6 Nxg6 17. fxe5 dxe5 18. exf5 Nf4 19. Bxf4 exf4 20.
Rad1 c5 21. Qxf4 Bxd4+ 22. Kh1 Qd6 23.
Bxh5 Qxf4 24. Rxf4 Re5 25. Nd5 Nd6 26. g4 b5 27. Kh2 bxc4 28. Nc3 Rb8 29. Rdxd4 cxd4 30. Rxd4 Nf7 31. Ne4 Rxb2+ 32. Kg3 Re7 33. Rxc4 Ba6 34. Rd4 Rb8 35. g5 Bb7 36. Nf6+ Kh8 37. g6 Ne5 38. Ng4 Nxg4 39.
hxg4 Rf8 40. Rd6 Kg7 41. Kf4 Bc8 42. Kg5 Re5 43. Rc6 Bxf5 44. Rc7+ Kg8 45. g7 Be6+ 46. Kg6 Bf7+ 47. Kf6 Re6+ 48.
Kg5 Kxg7 49. Rxa7 Kg8 50. a4 Bxh5 51. gxh5 Re5+ 52. Kg6 Rfe8 53. Rg7+ Kf8 54. Rf7+ Kg8 55. Rg7+ 1/2-1/2

[Event "Elite Hotels Open 2024"]
[Site "Elite Stadshotellet, Kungsgatan 6, Vaxjo, Sweden"]
[Date "2024.02.09"]
[Round "3.13"]
[White "Lilliehook, Victor"]
[Black "Crevatin, Leo"]
[Result "0-1"]
[TimeControl "15 minutes + 5 seconds per move from move one (Round 1 - 4) / 90 minutes + 30 seconds per move from move one (Round 5 - 8)"]
[BlackTitle "FM"]
[WhiteFideId "1752103"]
[BlackFideId "1726307"]
[WhiteElo "2042"]
[BlackElo "2303"]

1. e4 c6 2. d4 d5 3. exd5 cxd5 4. c4 Nf6 5. Nc3 Nc6 6. Nf3 a6 7. cxd5 Nxd5 8. Bc4 Be6 9.
Bb3 Na5 10. Ng5 Qd7 11. Nxe6 Qxe6+ 12. Qe2 Qxe2+ 13. Kxe2 Nxb3 14. Nxd5 Nxd4+ 15. Kd3 O-O-O 16. Kxd4 e6 17. Be3 Rxd5+ 18. Ke4 Bd6 19. Rac1+ Kd7 20.
Rhd1 Rxd1 21. Rxd1 Rc8 22. Bf4 Rc6 23. Ke3 f6 24.
Bxd6 Rxd6 25. Rc1 e5 26. h4 Rb6 27.
Rc2 h5 28. b3 Rc6 29. Rd2+ Ke7 30. Ke4 g6 31. Ke3 Rc3+ 32. Ke2 Rc1 33. g3 Ke6 34. Kf3 Rc3+ 35. Kg2 e4 36. Rd8 Rc2 37.
Rb8 Rxa2 38. Kf1 b5 39. Re8+ Kf5 40. b4 Rb2 41. Ra8 Rxb4 42. Rxa6 Rb2 43. Rb6 b4 44. Rb5+ Ke6 45. Rb6+ Ke5 46. Rb5+ Kd4 47. Rb6 b3 48.
Rxf6 Rc2 49. Rb6 b2 50. Kg2 e3 51. Kh3 exf2 0-1

[Event "Elite Hotels Open 2024"]
[Site "Elite Stadshotellet, Kungsgatan 6, Vaxjo, Sweden"]
[Date "2024.02.09"]
[Round "3.14"]
[White "Falkevall, Axel"]
[Black "Mattsson, Michael"]
[Result "1-0"]
[TimeControl "15 minutes + 5 seconds per move from move one (Round 1 - 4) / 90 minutes + 30 seconds per move from move one (Round 5 - 8)"]
[WhiteTitle "FM"]
[WhiteFideId "1735560"]
[BlackFideId "1708961"]
[WhiteElo "2290"]
[BlackElo "2033"]

1. e4 e5 2. Nf3 Nc6 3. Bb5 a6 4. Ba4 Nf6 5. O-O Be7 6. Re1 b5 7. Bb3 O-O 8. a4 b4 9. d4 d6 10. h3 exd4 11. Nxd4 Na5 12. Ba2 c5 13. Nf5 Bxf5 14.
exf5 Rb8 15. Bf4 Rb6 16. Nd2 d5 17. c3 Qd7 18. Nf3 Bd6 19. Bg5 bxc3 20. bxc3 Qxf5 21. Bxf6 Qxf6 22. Qxd5 Qxc3 23.
Rad1 c4 24. Ne5 Bxe5 25. Rxe5 Nb3 26. Re4 Rb4 27. Qd6 g6 28. Re3 Qc2 29. Bb1 Qxd1+ 30. Qxd1 Rxa4 31. Kh2 Ra1 32. Qc2 Rc8 33.
Rxb3 1-0

[Event "Elite Hotels Open 2024"]
[Site "Elite Stadshotellet, Kungsgatan 6, Vaxjo, Sweden"]
[Date "2024.02.09"]
[Round "3.15"]
[White "Rydstrom, Tom"]
[Black "Nilsson, Oliver"]
[Result "1-0"]
[TimeControl "15 minutes + 5 seconds per move from move one (Round 1 - 4) / 90 minutes + 30 seconds per move from move one (Round 5 - 8)"]
[WhiteTitle "FM"]
[WhiteFideId "1714830"]
[BlackFideId "1730177"]
[WhiteElo "2254"]
[BlackElo "1973"]

1. e4 e5 2. Nf3 Nc6 3.
Bc4 Nf6 4. d3 h6 5. Nc3 d6 6. a3 g6 7. h3 Bg7 8. O-O O-O 9. Re1 Kh7 10. Be3 Be6 11.
Bxe6 fxe6 12. d4 Nh5 13. dxe5 dxe5 14.
Qxd8 Raxd8 15. Rad1 Nd4 16.
Bxd4 exd4 17. Nb5 Rd7 18. c3 d3 19. Nbd4 Nf4 20. b4 Bxd4 21. cxd4 Ne2+ 22. Kf1 Rxd4 23. Nxd4 Ng3+ 24. Kg1 1-0

[Event "Elite Hotels Open 2024"]
[Site "Elite Stadshotellet, Kungsgatan 6, Vaxjo, Sweden"]
[Date "2024.02.09"]
[Round "3.16"]
[White "Eriksson, Kristian"]
[Black "Grahn, Vidar"]
[Result "1-0"]
[TimeControl "15 minutes + 5 seconds per move from move one (Round 1 - 4) / 90 minutes + 30 seconds per move from move one (Round 5 - 8)"]
[WhiteFideId "1705172"]
[BlackFideId "1744780"]
[WhiteElo "2035"]
[BlackElo "2234"]

1. e4 c5 2. Nf3 e6 3. Nc3 Nc6 4.
Bb5 Nd4 5. Bc4 a6 6. d3 b5 7.
Bb3 Bb7 8. Nxd4 cxd4 9. Ne2 Bc5 10. O-O Ne7 11. c3 Nc6 12. Ng3 h5 13. h3 h4 14. Nh5 g6 15. Nf4 Qb6 16. a4 O-O-O 17. axb5 axb5 18. Bd2 g5 19. Ne2 g4 20. cxd4 Bd6 21. d5 exd5 22. exd5 Nb4 23. Be3 Qc7 24. Rc1 Nc6 25. dxc6 Bxc6 26.
Nd4 gxh3 27. Nxc6 dxc6 28. Qg4+ Kb8 29. Qxh3 Rdg8 30. Bd5 c5 31. Ra1 Qe7 32. Ra8+ Kc7 33. Ra7+ 1-0

[Event "Elite Hotels Open 2024"]
[Site "Elite Stadshotellet, Kungsgatan 6, Vaxjo, Sweden"]
[Date "2024.02.09"]
[Round "4.1"]
[White "Hillarp, Tiger"]
[Black "Akesson, Ralf"]
[Result "1/2-1/2"]
[TimeControl "15 minutes + 5 seconds per move from move one (Round 1 - 4) / 90 minutes + 30 seconds per move from move one (Round 5 - 8)"]
[WhiteTitle "GM"]
[BlackTitle "GM"]
[WhiteFideId "1700812"]
[BlackFideId "1700120"]
[WhiteElo "2476"]
[BlackElo "2378"]

1. Nf3 Nf6 2. g3 g6 3. Bg2 Bg7 4. O-O O-O 5. c4 c6 6. b3 Ne4 7. d4 d5 8. Bb2 Bf5 9. Ne5 Nd7 10. Nd3 Ndf6 11. Na3 a6 12.
f3 Nd6 13. c5 Nb5 14. Nc2 Qc8 15. a4 Nc7 16. Nf2 Nd7 17. e4 dxe4 18. fxe4 Be6 19. b4 a5 20. Qd2 Rd8 21. Ne3 axb4 22.
Qxb4 Na6 23. Qa3 Nf6 24. Rad1 Nc7 1/2-1/2

[Event "Elite Hotels Open 2024"]
[Site "Elite Stadshotellet, Kungsgatan 6, Vaxjo, Sweden"]
[Date "2024.02.09"]
[Round "4.2"]
[White "Ostlund, Joar"]
[Black "Pantzar, Milton"]
[Result "1/2-1/2"]
[TimeControl "15 minutes + 5 seconds per move from move one (Round 1 - 4) / 90 minutes + 30 seconds per move from move one (Round 5 - 8)"]
[WhiteTitle "FM"]
[BlackTitle "IM"]
[WhiteFideId "1735020"]
[BlackFideId "1721003"]
[WhiteElo "2327"]
[BlackElo "2468"]

1. d4 d5 2. c4 e6 3. Nc3 Nf6 4. cxd5 exd5 5. Bg5 c6 6. e3 Bd6 7. Bd3 O-O 8. Nf3 h6 9. Bh4 Be6 10.
Ne5 c5 11. O-O cxd4 12. exd4 Nc6 13. Nxc6 bxc6 14. Rc1 Rb8 15. Na4 g5 16. Bg3 Bg4 17. Qc2 Bxg3 18. fxg3 Kg7 19. h3 Be6 20.
Nc5 Qd6 21. g4 Bxg4 22. Rf2 Bh5 23. Rcf1 Ne4 24. Bxe4 dxe4 25. Qxe4 Rbe8 26. Qd3 Rd8 27. Qc3 Rde8 28. d5+ Kg8 29. dxc6 Qxc6 30. Rf6 Qd5 31.
Rxh6 f6 32. Rxh5 Re2 33. Rf2 Qd1+ 34. Rf1 Qd5 35. Rf2 Qd1+ 36.
Kh2 Rxf2 37. Qc4+ Rf7 38. Ne4 Rf1 39. Qc8+ Rf8 40. Rh8+ Kxh8 41. Qxf8+ Kh7 42. Qf7+ Kh6 43. Qf8+ Kh7 44. Qf7+ Kh6 45. Qf8+ Kh7 46. Qf7+ 1/2-1/2

[Event "Elite Hotels Open 2024"]
[Site "Elite Stadshotellet, Kungsgatan 6, Vaxjo, Sweden"]
[Date "2024.02.09"]
[Round "4.3"]
[White "Seo, Jung Min"]
[Black "Falkevall, Axel"]
[Result "1-0"]
[TimeControl "15 minutes + 5 seconds per move from move one (Round 1 - 4) / 90 minutes + 30 seconds per move from move one (Round 5 - 8)"]
[WhiteTitle "IM"]
[BlackTitle "FM"]
[WhiteFideId "1734687"]
[BlackFideId "1735560"]
[WhiteElo "2466"]
[BlackElo "2290"]

1. d4 Nf6 2. c4 g6 3. Nc3 Bg7 4. e4 d6 5. Be2 O-O 6. Be3 e5 7. d5 Na6 8. h4 Nc5 9. f3 c6 10. g4 cxd5 11. cxd5 a5 12. Nh3 h5 13. g5 Nh7 14. Qd2 a4 15.
Nf2 f6 16. gxf6 Bxf6 17. O-O-O Bxh4 18. Rdg1 Kf7 19. Nd3 Nxd3+ 20. Bxd3 Bd7 21. f4 exf4 22. Bxf4 Bg4 23. Qh2 Kg8 24.
Bxd6 Rf3 25. Be2 Bg5+ 26. Kb1 Rh3 27. Qe5 Bf6 28.
Bxg4 Rxh1 29. Qe6+ Kg7 30. Rxh1 hxg4 31. e5 Bh4 32. Qxg4 Bg5 33. Ne4 Be3 34. Qh3 1-0

[Event "Elite Hotels Open 2024"]
[Site "Elite Stadshotellet, Kungsgatan 6, Vaxjo, Sweden"]
[Date "2024.02.09"]
[Round "4.4"]
[White "Crevatin, Leo"]
[Black "Hector, Jonny"]
[Result "1-0"]
[TimeControl "15 minutes + 5 seconds per move from move one (Round 1 - 4) / 90 minutes + 30 seconds per move from move one (Round 5 - 8)"]
[WhiteTitle "FM"]
[BlackTitle "GM"]
[WhiteFideId "1726307"]
[BlackFideId "1700090"]
[WhiteElo "2303"]
[BlackElo "2449"]

1. d4 d5 2. c4 c6 3. cxd5 cxd5 4. Bf4 Nc6 5. e3 Nf6 6. Bb5 Bd7 7. Nc3 e6 8. Rc1 Be7 9. h3 O-O 10. Nf3 Ne4 11. O-O f5 12.
Qe2 a6 13. Ba4 b5 14. Bd1 b4 15. Nxe4 fxe4 16. Ne5 Nxd4 17. exd4 Rxf4 18. Nc6 Qe8 19. Nxe7+ Qxe7 20. Qe3 Raf8 21.
Be2 Qd6 22. Rc5 e5 23. b3 Kh8 24. Ra5 Bc8 25. Qd2 Bb7 26. dxe5 Qb6 27. Ra4 Rxf2 28. Rxf2 Qxf2+ 29. Kh2 a5 30.
Rxa5 d4 31. Qxb4 Ba8 32. e6 e3 33.
Bf3 Rg8 34. Rxa8 Rxa8 35. Bxa8 Qf4+ 36. g3 Qf2+ 37. Bg2 h6 38. e7 e2 1-0

[Event "Elite Hotels Open 2024"]
[Site "Elite Stadshotellet, Kungsgatan 6, Vaxjo, Sweden"]
[Date "2024.02.09"]
[Round "4.5"]
[White "Johansson, Linus"]
[Black "Rydstrom, Tom"]
[Result "1/2-1/2"]
[TimeControl "15 minutes + 5 seconds per move from move one (Round 1 - 4) / 90 minutes + 30 seconds per move from move one (Round 5 - 8)"]
[WhiteTitle "IM"]
[BlackTitle "FM"]
[WhiteFideId "1711113"]
[BlackFideId "1714830"]
[WhiteElo "2434"]
[BlackElo "2254"]

1. d4 Nf6 2. c4 c6 3.
Nc3 d5 4. Nf3 e6 5. e3 Nbd7 6. Bd3 Be7 7. e4 dxe4 8. Nxe4 Nxe4 9. Bxe4 Nf6 10. Bd3 c5 11. dxc5 Bxc5 12. O-O O-O 13.
Qe2 b6 14. Rd1 Qe7 15. Bd2 Bb7 16. Be1 Rfd8 17. Bc2 a5 18. a3 Rxd1 19. Rxd1 Rd8 20. Rxd8+ Qxd8 21. b4 axb4 22. axb4 Be7 23. h3 Qa8 24. Qe3 Qa1 25.
Qc3 Qxc3 26. Bxc3 Kf8 27. Ne5 Bd6 28. f3 Ke7 29. Ba4 g6 30. Nc6+ Bxc6 31. Bxc6 Nd7 32. Bb5 Ne5 33. f4 Nd7 34. g3 h5 35. Bd2 e5 36.
fxe5 Nxe5 37. Kg2 Ke6 38. Bc3 Be7 39. Ba6 Bf6 40. Bc8+ Kd6 41. Bd4 Kc7 42. Ba6 Nd7 43. Bxf6 Nxf6 44. Kf3 Kd6 45. Bb5 Ke5 46.
Ke3 Ne4 47. Be8 Nxg3 48. Bxf7 g5 49. Kf3 h4 50. Kg4 Kf6 51. Bd5 Nf5 52. Kf3 Ke5 53. Bg8 Nh6 54. Bd5 Nf5 55. Ba8 Nh6 56. c5 bxc5 57. bxc5 Nf7 58. Bb7 Nd8 59. Be4 Ne6 60.
c6 Nd4+ 61. Kg4 Nxc6 62. Bxc6 Kf6 63. Be4 Kg7 64. Kxg5 Kh8 65. Kxh4 Kg7 66. Kg5 Kh8 67. Kh6 Kg8 68. Bh7+ Kh8 69. h4 1/2-1/2

[Event "Elite Hotels Open 2024"]
[Site "Elite Stadshotellet, Kungsgatan 6, Vaxjo, Sweden"]
[Date "2024.02.09"]
[Round "4.6"]
[White "Bjorkman, Filip"]
[Black "Sorensen, Hampus"]
[Result "0-1"]
[TimeControl "15 minutes + 5 seconds per move from move one (Round 1 - 4) / 90 minutes + 30 seconds per move from move one (Round 5 - 8)"]
[BlackTitle "IM"]
[WhiteFideId "1734970"]
[BlackFideId "8703884"]
[WhiteElo "2046"]
[BlackElo "2430"]

1. e4 c5 2. Nf3 d6 3. d4 cxd4 4. Nxd4 Nf6 5. Nc3 a6 6. f3 e5 7. Nb3 Be7 8. Be3 Be6 9. Qd2 h5 10. O-O-O Nbd7 11.
Kb1 Rc8 12. Nd5 Nxd5 13. exd5 Bf5 14. Bd3 Bxd3 15. Qxd3 Bg5 16. f4 exf4 17. Bd4 O-O 18. h4 Bh6 19. Nd2 Re8 20. Rde1 Rxe1+ 21. Rxe1 Qxh4 22. Nf3 Qg4 23. a3 Nf8 24. Re2 Qd7 25. Qb3 b5 26. Qd3 Ng6 27. Bc3 Re8 28. Rxe8+ Qxe8 29. Qf5 Qe2 30. Ng5 Bxg5 31. Qxg5 Kh7 32. Qxh5+ 0-1

[Event "Elite Hotels Open 2024"]
[Site "Elite Stadshotellet, Kungsgatan 6, Vaxjo, Sweden"]
[Date "2024.02.09"]
[Round "4.7"]
[White "Jepson, Christian"]
[Black "Eriksson, Kristian"]
[Result "1/2-1/2"]
[TimeControl "15 minutes + 5 seconds per move from move one (Round 1 - 4) / 90 minutes + 30 seconds per move from move one (Round 5 - 8)"]
[WhiteTitle "IM"]
[WhiteFideId "1701185"]
[BlackFideId "1705172"]
[WhiteElo "2386"]
[BlackElo "2035"]

1. c4 e6 2. Nf3 b6 3. g3 Bb7 4. Bg2 Nf6 5. O-O g6 6. b3 Bg7 7. Bb2 O-O 8. d3 c5 9. Nc3 Nc6 10.
e3 d6 11. d4 Qe7 12. Qe2 Rfe8 13. Rfd1 Rad8 14. a3 e5 15. d5 Nb8 16. Nd2 Nbd7 17. b4 a6 18. e4 Rc8 19. Nb3 h5 20.
bxc5 Nxc5 21. Nxc5 bxc5 22. Bc1 Nd7 23. Bd2 Rb8 24. Rdb1 Ba8 25. Qd1 Rxb1 26. Rxb1 Rb8 27. Bh3 Rb7 28.
Na4 Qd8 29. Rxb7 Bxb7 30. Qb3 Qc7 31. Kf1 Nf6 32. Bg2 Kh7 33. Qb6 Qd7 34. Nc3 Bh6 35. Bxh6 Kxh6 36. h4 Bc8 37. Ke1 Kg7 38. Bf1 Kf8 39. f3 Ke7 40.
Kd1 Qb7 41. Qxb7+ Bxb7 42. Bh3 Kd8 43.
Kc2 Bc8 44. Bxc8 Kxc8 45. f4 Nd7 46. Nd1 Kc7 47. Nf2 exf4 48. gxf4 Kb6 49. Nd3 f6 50. Kb3 Ka5 51.
Nf2 Kb6 52. Nh1 Ka5 53. Ng3 g5 54.
fxg5 fxg5 55. hxg5 h4 56. Nf1 Ne5 57. Nh2 h3 58. a4 Kb6 59.
Kc3 Ka5 60. Kb3 Kb6 61. Kc3 Ka5 62.
Kb3 Kb6 1/2-1/2

[Event "Elite Hotels Open 2024"]
[Site "Elite Stadshotellet, Kungsgatan 6, Vaxjo, Sweden"]
[Date "2024.02.09"]
[Round "4.8"]
[White "Lindberg, Bengt"]
[Black "Jakenberg, Jussi"]
[Result "1-0"]
[TimeControl "15 minutes + 5 seconds per move from move one (Round 1 - 4) / 90 minutes + 30 seconds per move from move one (Round 5 - 8)"]
[WhiteTitle "IM"]
[WhiteFideId "1700359"]
[BlackFideId "1710931"]
[WhiteElo "2331"]
[BlackElo "2039"]

1. e4 e5 2. Nf3 Nc6 3. Bb5 a6 4. Ba4 Nf6 5. d3 d6 6. c3 g6 7. O-O Bg7 8. Re1 Bd7 9. Nbd2 O-O 10.
Nf1 h6 11. Ng3 b5 12. Bc2 Re8 13. h3 d5 14. Be3 dxe4 15. dxe4 Be6 16. Qc1 Kh7 17. Rd1 Qe7 18. b4 Nd7 19.
Nf5 Qf8 20. Nxg7 Qxg7 21. a4 Nb6 22. Bxb6 cxb6 23. Qe3 Rab8 24. axb5 axb5 25. Ra6 Rec8 26. Rd2 Bc4 27. Rxb6 Qf8 28.
Rxb8 Rxb8 29. Bd3 Bxd3 30. Rxd3 Qe7 31. Rd5 Kg7 32. Qc5 Qxc5 33. Rxc5 Rb6 34. Nxe5 Nxe5 35. Rxe5 Rc6 36. Rc5 Rxc5 37. bxc5 Kf6 38. f4 Ke6 39.
Kf2 Kd7 40. Ke3 1-0

[Event "Elite Hotels Open 2024"]
[Site "Elite Stadshotellet, Kungsgatan 6, Vaxjo, Sweden"]
[Date "2024.02.09"]
[Round "4.9"]
[White "Sandstrom, Anders"]
[Black "Kristensen, Kaare Hove"]
[Result "0-1"]
[TimeControl "15 minutes + 5 seconds per move from move one (Round 1 - 4) / 90 minutes + 30 seconds per move from move one (Round 5 - 8)"]
[BlackTitle "IM"]
[WhiteFideId "1706977"]
[BlackFideId "1400940"]
[WhiteElo "1988"]
[BlackElo "2324"]

1. Nf3 c5 2. c4 Nf6 3. g3 d5 4. d4 cxd4 5. cxd5 Qxd5 6. Qxd4 Nc6 7. Qxd5 Nxd5 8. a3 Bg4 9. Nbd2 g6 10.
Bg2 Bg7 11. O-O O-O 12. h3 Bxf3 13. Bxf3 Rfd8 14. e3 Rac8 15. Rb1 Ne5 16. Be2 Nb6 17. Kg2 Rxc1 18. Rbxc1 Rxd2 19. Ra1 Rd4 0-1

[Event "Elite Hotels Open 2024"]
[Site "Elite Stadshotellet, Kungsgatan 6, Vaxjo, Sweden"]
[Date "2024.02.09"]
[Round "4.10"]
[White "Eklund, Joel"]
[Black "Morell, Oscar"]
[Result "1-0"]
[TimeControl "15 minutes + 5 seconds per move from move one (Round 1 - 4) / 90 minutes + 30 seconds per move from move one (Round 5 - 8)"]
[WhiteFideId "1705288"]
[BlackFideId "1752952"]
[WhiteElo "2258"]
[BlackElo "1896"]

1. d4 d5 2. Bg5 Nf6 3. Bxf6 gxf6 4. c4 Bg4 5. Nc3 e6 6. cxd5 exd5 7. Qb3 Na6 8. e3 Bb4 9. a3 Bxc3+ 10. Qxc3 Qd6 11. Bd3 O-O-O 12. Ne2 Nb8 13. b4 Nd7 14. Rc1 Rhe8 15. h3 Bxe2 16. Bxe2 f5 17. g3 Nf6 18. Qc5 Ne4 19.
Qxd6 Rxd6 20. Bd3 h5 21. h4 Rb6 22. Rc2 a5 23. b5 Kd7 24. O-O Rg6 25. Rfc1 Rc8 26. Kg2 Nd6 27. Rc5 c6 28.
bxc6+ bxc6 29. Rxa5 Rgg8 30. Ra7+ Rc7 31. Rxc7+ Kxc7 32. Rb1 Ra8 33. Rb3 Rb8 34. Rxb8 Kxb8 35. Kf3 1-0

[Event "Elite Hotels Open 2024"]
[Site "Elite Stadshotellet, Kungsgatan 6, Vaxjo, Sweden"]
[Date "2024.02.09"]
[Round "4.11"]
[White "Wickstrom, Carina"]
[Black "Mashhadi, Peyman"]
[Result "0-1"]
[TimeControl "15 minutes + 5 seconds per move from move one (Round 1 - 4) / 90 minutes + 30 seconds per move from move one (Round 5 - 8)"]
[WhiteFideId "1743201"]
[BlackFideId "1768581"]
[WhiteElo "1884"]
[BlackElo "2073"]

1. e4 e6 2. d4 d5 3. Nc3 Nf6 4.
e5 Nfd7 5. f4 c5 6. Nf3 Nc6 7. Be3 a6 8. Ne2 b5 9. g3 Qb6 10. Bg2 cxd4 11. Nexd4 Bc5 12. O-O Bb7 13. Kh1 g6 14.
c3 b4 15. cxb4 Nxb4 16. a3 Nc6 17. b4 Bxd4 18. Nxd4 Qd8 19. Rc1 Nxd4 20. Qxd4 O-O 21. Rc2 Rc8 22. Rfc1 Rxc2 23. Rxc2 Qb8 24.
a4 Rc8 25. Rxc8+ Qxc8 26. b5 axb5 27. axb5 Qc2 28. b6 Ba6 29. Qb4 Qc6 30. h4 Kg7 31. Kh2 Bb7 32. h5 Qc2 33. hxg6 hxg6 34.
Qd6 d4 35. Bxd4 Qxg2# 0-1

[Event "Elite Hotels Open 2024"]
[Site "Elite Stadshotellet, Kungsgatan 6, Vaxjo, Sweden"]
[Date "2024.02.09"]
[Round "4.12"]
[White "Karlsson, Jorgen"]
[Black "Banerjee, Aryan"]
[Result "1/2-1/2"]
[TimeControl "15 minutes + 5 seconds per move from move one (Round 1 - 4) / 90 minutes + 30 seconds per move from move one (Round 5 - 8)"]
[WhiteFideId "1711679"]
[BlackFideId "1765035"]
[WhiteElo "2056"]
[BlackElo "1752"]

1. e4 e5 2. Bc4 Nc6 3. a3 Bc5 4. d3 Nf6 5. b4 Bb6 6. Nf3 d6 7. Be3 Bg4 8. h3 Bh5 9. c3 d5 10. exd5 Nxd5 11. Bxd5 Qxd5 12. c4 Bxf3 13.
gxf3 Qe6 14. c5 a5 15. cxb6 axb4 16. a4 O-O 17. Nd2 Nd4 18. bxc7 b3 19. Bxd4 exd4+ 20. Kf1 Rfe8 21. Nxb3 Qd7 22. Qc2 Rac8 23. Rc1 Qxa4 24. Qc4 Qa2 25.
Nxd4 Qd2 26. Nf5 Re2 27. Rh2 b5 28. Qd4 Qxc1+ 29. Kxe2 Re8+ 30.
Ne3 Qxc7 31. Rg2 Qc2+ 32. Ke1 Qc1+ 33. Ke2 Qc2+ 1/2-1/2

[Event "Elite Hotels Open 2024"]
[Site "Elite Stadshotellet, Kungsgatan 6, Vaxjo, Sweden"]
[Date "2024.02.09"]
[Round "4.13"]
[White "Jacobsen, Mikkel Manosri"]
[Black "Seiger, Vidar"]
[Result "1-0"]
[TimeControl "15 minutes + 5 seconds per move from move one (Round 1 - 4) / 90 minutes + 30 seconds per move from move one (Round 5 - 8)"]
[WhiteTitle "FM"]
[WhiteFideId "1444514"]
[BlackFideId "1756079"]
[WhiteElo "2374"]
[BlackElo "1978"]

1. d4 Nf6 2. Nf3 g6 3. Bf4 Bg7 4. c3 O-O 5. Nbd2 d5 6. e3 c5 7. dxc5 Nc6 8. h3 Nd7 9. Nb3 e5 10.
Bg5 Nf6 11. Bb5 Re8 12. O-O h6 13. Bh4 g5 14. Bg3 Ne4 15. Bh2 g4 16. Nfd2 gxh3 17. Nxe4 hxg2 18. Kxg2 dxe4 19. Qxd8 Rxd8 20.
Bxc6 bxc6 21. Na5 Bd7 22. Rfd1 Be8 23. b4 Rd3 24. Rxd3 exd3 25. e4 f5 26. f3 Rc8 27. Nc4 Bg6 28.
Nd6 Rf8 29. Rd1 fxe4 30. fxe4 Rd8 31. Kf2 Bf8 32. Bxe5 Bxd6 33. cxd6 Bxe4 34. Ke3 Bg6 35. Kd4 h5 36. c4 Re8 37.
c5 a6 38. Rg1 Kh7 39. Bf6 d2 40. Rd1 Re4+ 41. Kc3 Bf5 42. Rxd2 Re3+ 43. Kb2 Bd7 44. Rg2 1-0

[Event "Elite Hotels Open 2024"]
[Site "Elite Stadshotellet, Kungsgatan 6, Vaxjo, Sweden"]
[Date "2024.02.09"]
[Round "4.14"]
[White "Eriksson, Wilmer"]
[Black "Olsson, William"]
[Result "1/2-1/2"]
[TimeControl "15 minutes + 5 seconds per move from move one (Round 1 - 4) / 90 minutes + 30 seconds per move from move one (Round 5 - 8)"]
[BlackTitle "FM"]
[WhiteFideId "1768298"]
[BlackFideId "1741721"]
[WhiteElo "1976"]
[BlackElo "2373"]

1. e4 c5 2. c3 Nf6 3. e5 Nd5 4. Nf3 d6 5. Bb5+ Bd7 6. Bc4 e6 7. d4 cxd4 8. cxd4 Bc6 9. O-O Nd7 10. Qe2 Be7 11. exd6 Bxd6 12.
Nc3 N7b6 13. Bd3 O-O 14. Ne4 Nf4 15. Bxf4 Bxf4 16. Rfd1 Rc8 17. Ne5 Bd5 18. Qh5 f5 19. Nc3 Rf6 20.
g3 Rh6 21. Qe2 Bxe5 22. dxe5 f4 23. Ne4 Nd7 24. Nd6 fxg3 25. fxg3 Qb6+ 26. Qf2 Qxf2+ 27. Kxf2 Rxh2+ 28. Ke3 Rf8 29.
Rf1 Nxe5 30. Rxf8+ Kxf8 31. Be4 Rxb2 32. Bxd5 exd5 33. Kd4 Nc6+ 34. Kxd5 Rd2+ 35. Ke6 Nd8+ 36. Ke5 Nf7+ 37. Nxf7 Kxf7 38.
Rc1 Rxa2 39. Rc7+ Kg6 40. Rxb7 Ra5+ 41. Kf4 Ra4+ 42. Kf3 h5 43. Rc7 Ra5 44. Rd7 Kf6 45. Rd6+ Kg5 46. Rd7 g6 47. Rc7 Rf5+ 48. Kg2 a5 49.
Kh3 Rd5 50. Rc4 Kf5 51. Rf4+ Ke6 52. Re4+ Re5 53. Rd4 g5 54. Rd8 Kf5 55. Rf8+ Ke4 56. Ra8 Kd3 57. Rh8 g4 58. Kh4 Kc4 59. Rc8+ Kb4 60. Rc4+ Kb5 61.
Rc5+ Rxc5 1/2-1/2

[Event "Elite Hotels Open 2024"]
[Site "Elite Stadshotellet, Kungsgatan 6, Vaxjo, Sweden"]
[Date "2024.02.09"]
[Round "4.15"]
[White "Kistrup, Nicolai"]
[Black "Nilsson, Oliver"]
[Result "1-0"]
[TimeControl "15 minutes + 5 seconds per move from move one (Round 1 - 4) / 90 minutes + 30 seconds per move from move one (Round 5 - 8)"]
[WhiteTitle "FM"]
[WhiteFideId "1444816"]
[BlackFideId "1730177"]
[WhiteElo "2326"]
[BlackElo "1973"]

1. d4 Nf6 2. c4 g6 3. Nc3 Bg7 4. e4 d6 5. h3 O-O 6. Be3 e5 7. d5 Na6 8. g4 Nc5 9. f3 a5 10. Qd2 a4 11. O-O-O Bd7 12. h4 h5 13.
g5 Ne8 14. Nh3 c6 15. dxc6 Be6 16. Bxc5 1-0

[Event "Elite Hotels Open 2024"]
[Site "Elite Stadshotellet, Kungsgatan 6, Vaxjo, Sweden"]
[Date "2024.02.09"]
[Round "4.16"]
[White "Grahn, Vidar"]
[Black "Frisk, Hans"]
[Result "1-0"]
[TimeControl "15 minutes + 5 seconds per move from move one (Round 1 - 4) / 90 minutes + 30 seconds per move from move one (Round 5 - 8)"]
[WhiteFideId "1744780"]
[BlackFideId "1708570"]
[WhiteElo "2234"]
[BlackElo "1973"]

1. d4 Nf6 2. c4 e6 3. g3 d5 4.
Bg2 dxc4 5. Nf3 c5 6. O-O Nc6 7. dxc5 Qxd1 8. Rxd1 Bxc5 9. Nbd2 c3 10. bxc3 O-O 11. Nb3 Be7 12. Nfd4 Bd7 13. a4 Rac8 14. Nb5 Rfd8 15. Be3 Nd5 16.
Bxd5 exd5 17. Rxd5 Be6 18. Rxd8+ Rxd8 19. Nc5 Bc8 20. Nd3 Bf6 21. Nxa7 Nxa7 22. Bxa7 Bxc3 23. Rc1 Bf6 24. Rc7 g6 25.
a5 Bf5 26. Rxb7 Bxd3 27. exd3 Rxd3 28. Bc5 Rd1+ 29. Kg2 Ra1 30. Rb8+ 1-0

[Event "Elite Hotels Open 2024"]
[Site "Elite Stadshotellet, Kungsgatan 6, Vaxjo, Sweden"]
[Date "2024.02.10"]
[Round "5.1"]
[White "Sorensen, Hampus"]
[Black "Seo, Jung Min"]
[Result "1/2-1/2"]
[TimeControl "15 minutes + 5 seconds per move from move one (Round 1 - 4) / 90 minutes + 30 seconds per move from move one (Round 5 - 8)"]
[WhiteTitle "IM"]
[BlackTitle "IM"]
[WhiteFideId "8703884"]
[BlackFideId "1734687"]
[WhiteElo "2430"]
[BlackElo "2466"]

1. d4 Nf6 2. c4 e6 3. Nc3 Bb4 4. e3 b6 5. Bd2 Bb7 6. Nf3 Bxc3 7. Bxc3 Ne4 8. Rc1 Nxc3 9. Rxc3 d6 10. Bd3 Nd7 11. e4 c5 12.
d5 exd5 13. cxd5 O-O 14. O-O Qf6 15. Nd2 Ne5 16. Be2 Ng6 17. Re1 Bc8 18. a4 Bd7 19. Bb5 Bxb5 20. axb5 a6 21. Qb3 axb5 22.
Qxb5 Rfb8 23. Nc4 Ne5 24. Nxe5 Qxe5 25. g3 h5 26. Rf3 g6 27. Ree3 Ra1+ 28. Kg2 Ra7 29. h4 Kg7 30. Rf4 1/2-1/2